 Dungeon Crawl Stone Soup version 0.29-a0-864-g6811fc6 (webtiles) character file.

Game seed: 14783169527699651436

2 GeorgeSoros the Chiller (level 1, -3/13 HPs)
             Began as a Demonspawn Ice Elementalist on July 16, 2022.
             Killed from afar by Natasha (8 damage)
             ... with a magic dart
             ... on level 2 of the Dungeon.
             The game lasted 00:00:42 (213 turns).

GeorgeSoros the Chiller (DsIE)                       Turns: 213, Time: 00:00:42

Health: -3/13      AC:  2    Str:  8    XL:     1   Next: 25%
Magic:  0/3        EV: 12    Int: 16    God:
Gold:   0          SH:  0    Dex: 13    Spells: 3/4 levels left

rFire   . . .      SeeInvis .   e - +0 dagger
rCold   . . .      Faith    .   (no shield)
rNeg    . . .      Spirit   .   a - +0 robe
rPois   .          Reflect  .   (no helmet)
rElec   .          Harm     .   (no cloak)
rCorr   .          Rampage  .   (no gloves)
Will    .....                   (no boots)
Stlth   ++........              (no amulet)
HPRegen 0.04/turn               (no ring)
MPRegen 0.08/turn               (no ring)

@: no status effects
A: no striking features
a: no special abilities


You were on level 2 of the Dungeon.
You visited 1 branch of the dungeon, and saw 2 of its levels.

Inventory:

Hand Weapons
 e - a +0 dagger (weapon)
Armour
 a - a +0 robe (worn)
Potions
 b - a potion of magic
 c - a potion of lignification {unknown}
 d - a potion of heal wounds {unknown}


   Skills:
 - Level 1.7 Dodging
 - Level 1.7 Stealth
 - Level 2.0 Spellcasting
 + Level 3.7 Ice Magic


You had 3 spell levels left.
You knew the following spells:

 Your Spells              Type           Power      Damage    Failure   Level
a - Freeze                Ice            52%        1d7       4%          1

Your spell library contained the following spells:

 Spells                   Type           Power      Damage    Failure   Level
 Frozen Ramparts          Ice            26%        1d4       14%         3
 Ozocubu's Armour         Ice            13%        N/A       14%         3
 Hailstorm                Conj/Ice       7%         3d4       67%         4


Dungeon Overview and Level Annotations

Branches:
Dungeon (1/15)

Altars:

Annotations:
D:2 Natasha


Message History

Okay, then.
e - a +0 dagger (weapon)
An endoplasm comes into view.
The endoplasm quivers.
You freeze the endoplasm.
The endoplasm is severely wounded.
The endoplasm freezes you.
You are frozen.
You freeze the endoplasm.
You kill the endoplasm!
Magic restored.
HP restored.
Found 9 stones.
Natasha, Servant of Life and Death comes into view.
Found a scroll labelled YTURUSHOHA.
Natasha hisses angrily.
You freeze Natasha.
Natasha is lightly wounded.
Natasha claws you.
You freeze Natasha.
Natasha is moderately wounded.
Natasha completely misses you.
You freeze Natasha.
Natasha is heavily wounded.
Natasha claws you.
You hit Natasha but do no damage.
Natasha is heavily wounded.
Natasha claws you.
You hit Natasha. Your punch misses Natasha.
Natasha is severely wounded.
Natasha claws you but does no damage.
You barely miss Natasha.
Natasha is severely wounded.
Natasha closely misses you.
You closely miss Natasha.
Natasha is severely wounded.
Natasha casts a spell at you. The magic dart hits you!
Ouch! That really hurt!
You die...

..........
.......? .......
..... .... ..#
#h## #@.# ####
##########.# .....
#..........#......
#.................
#.................
#.................
#..........#......
#..........#......
#......)...#....(.


You could see Natasha.

Vanquished Creatures
  An endoplasm (D:2)
  A rat (D:1)
2 creatures vanquished.

Notes
Turn   | Place    | Note
-------+----------+-------------------------------------------
     0 | D:1      | GeorgeSoros the Demonspawn Ice Elementalist began the quest
                  | for the Orb.
     0 | D:1      | Reached XP level 1. HP: 13/13 MP: 3/3
    71 | D:1      | You fall into a shaft and drop 1 floor!
   205 | D:2      | Noticed Natasha
   213 | D:2      | Killed from afar by Natasha

Illustrated notes

Levels and vault maps discovered:
D:1:      dpeg_arrival_shelter, layout_loops_ring,
          hellmonk_ecumenical_altar_blasted, hangedman_decor_clover_reticule
D:2:      layout_basic, serial_shops, shop, uniq_natasha

Action                   || total
-------------------------++-------
Melee: Dagger            ||     4
 Cast: Freeze            ||     8
Armor: Robe              ||     1
Dodge: Dodged            ||     3

Table legend: (Time is in decaauts)
 A = Elapsed time spent in this place.
 B = Non-inter-level travel time spent in this place.
 C = Inter-level travel time spent in this place.
 D = Time resting spent in this place.
 E = Time spent auto-exploring this place.
 F = Levels seen in this place.
 G = Mean time per level.
                   A        B        C        D        E       F      G
               +--------+--------+--------+--------+--------+-----+--------+
         Total |    212 |    212 |      0 |      0 |    177 |   2 |  106.0 |
       Dungeon |    212 |    212 |      0 |      0 |    177 |   2 |  106.0 |
               +--------+--------+--------+--------+--------+-----+--------+

Top non-repeatable levels by time:
     D:2: 141 daAuts
     D:1: 71 daAuts
